 Dungeon Sprint DCSS version 0.18-a0-49-gd105b5a (console) character file.

5383690 Kellhus the Archmage (level 27, 199/199 HPs)
             Began as a Deep Elf Conjurer on Nov 6, 2015.
             Was the Champion of Vehumet.
             Escaped with the Orb!
             The game lasted 01:29:07 (7675 turns).

Kellhus the Archmage (Deep Elf Conjurer)            Turns: 7675, Time: 01:29:07

Health: 199/199    AC: 20    Str:  7    XL:     27
Magic:  83/83      EV: 36    Int: 48    God:    Vehumet [******]
Gold:   17275      SH: 12    Dex: 21    Spells: 13 memorised, 0 levels left

rFire  + + +     SeeInvis +     b - +0 Staff of Olgreb {rPois}
rCold  + + .     Clarity  .     n - +5 animal skin "Jisyumevuh" {rElec Dex+2}
rNeg   + . .     SustAt   .     P - +0 buckler "Dugaf" {rF+}
rPois  ∞         Gourm    .     Q - +0 hat of the Illusory Tales {Int+2}
rElec  +         Spirit   .     M - +0 cloak of the Merchant {MP+9 Int+4}
rCorr  .         Warding  .     H - +3 pair of gloves of the Journeyman {Str+2 Slay+4}
rMut   .         NoTele   +     R - +1 pair of boots "Ileq" {rF++ MP+9 Int+4 Dex-3}
MR     +++..                    s - amulet "Luras" {Faith MR+ Int+4}
Stlth  +.........               G - ring "Neczuv" {MP+9 Dex+7}
                                y - ring "Wagred" {*Corrode +Fly rC++ rN+ SInv}

@: delayed fireball, extremely resistant to hostile enchantments, very
unstealthy
A: no striking features
a: Renounce Religion, Release Delayed Fireball, Evoke Flight
0: Orb of Zot
}: 10/15 runes: decaying, slimy, silver, iron, obsidian, demonic, glowing, dark,
gossamer, mossy


You escaped.
You worshipped Vehumet.
Vehumet was exalted by your worship.
You were very full.

You visited 1 branch You collected 45250 gold pieces.
You spent 27975 gold pieces at shops.

Inventory:

Hand Weapons
 b - the +0 Staff of Olgreb (weapon) {rPois}
   (You took it off Arachne in the Dungeon)

   It protects you from poison.
 d - the +4 Staff of Dispater
   (You took it off Dispater in the Dungeon)
 F - the +7 Sceptre of Asmodeus
   (You took it off Asmodeus in the Dungeon)
Armour
 n - the +5 animal skin "Jisyumevuh" (worn) {rElec Dex+2}
   (You bought it in a shop in the Dungeon)

   It affects your dexterity (+2).
   It insulates you from electricity.
 H - the +3 pair of gloves of the Journeyman (worn) {Str+2 Slay+4}
   (You bought it in a shop in the Dungeon)

   It affects your strength (+2).
   It affects your accuracy and damage with ranged weapons and melee attacks
   (+4).
 M - the +0 cloak of the Merchant (worn) {MP+9 Int+4}
   (You bought it in a shop in the Dungeon)

   It affects your intelligence (+4).
   It affects your magic capacity (+9).
 P - the +0 buckler "Dugaf" (worn) {rF+}
   (You bought it in a shop in the Dungeon)

   It protects you from fire.
 Q - the +0 hat of the Illusory Tales (worn) {Int+2}
   (You bought it in a shop in the Dungeon)

   It affects your intelligence (+2).
 R - the +1 pair of boots "Ileq" (worn) {rF++ MP+9 Int+4 Dex-3}
   (You bought it in a shop in the Dungeon)

   It affects your intelligence (+4).
   It affects your dexterity (-3).
   It greatly protects you from fire.
   It affects your magic capacity (+9).
 Y - a +1 pearl dragon armour
Magical Staves
 a - an uncursed staff of conjuration
Jewellery
 s - the amulet "Luras" (around neck) {Faith MR+ Int+4}
   (You bought it in a shop in the Dungeon)

   [amulet of faith]

   It allows you to gain divine favour quickly.
   It affects your intelligence (+4).
   It affects your resistance to hostile enchantments.
 u - the ring "Kuogizum" {rElec rPois Dex+3 SInv}
   (You bought it in a shop in the Dungeon)

   [ring of see invisible]

   It affects your dexterity (+3).
   It insulates you from electricity.
   It protects you from poison.
   It lets you see invisible.
 v - the ring "Keoc" {+Fly rF+ MP+9 Int-5 Dex+4}
   (You bought it in a shop in the Dungeon)

   [ring of flight]

   It affects your intelligence (-5).
   It affects your dexterity (+4).
   It protects you from fire.
   It affects your magic capacity (+9).
   It lets you fly.
 w - the ring of Vistih {*Corrode +Inv rElec rN+ Stlth-}
   (You bought it in a shop in the Dungeon)

   [ring of loudness]

   It insulates you from electricity.
   It protects you from negative energy.
   It lets you turn invisible.
   It may corrode your equipment when you take damage.
   It makes you less stealthy.
 y - the ring "Wagred" (left hand) {*Corrode +Fly rC++ rN+ SInv}
   (You bought it in a shop in the Dungeon)

   [ring of flight]

   It greatly protects you from cold.
   It protects you from negative energy.
   It lets you see invisible.
   It lets you fly.
   It may corrode your equipment when you take damage.
 A - the ring of Ipasoduc {Fire rPois rN++ MR+}
   (You bought it in a shop in the Dungeon)

   [ring of fire]

   It enhances your fire magic, and weakens your ice magic.
   It protects you from fire.
   It makes you vulnerable to cold.
   It protects you from poison.
   It greatly protects you from negative energy.
   It affects your resistance to hostile enchantments.
 D - the ring "Yrriwom" {SustAt +Inv Str+2 Int+2}
   (You bought it in a shop in the Dungeon)

   [ring of sustain attributes]

   It sustains your strength, intelligence and dexterity.
   It affects your strength (+2).
   It affects your intelligence (+2).
   It lets you turn invisible.
 G - the ring "Neczuv" (right hand) {MP+9 Dex+7}
   (You bought it in a shop in the Dungeon)

   [ring of magical power]

   It affects your dexterity (+7).
   It affects your magic capacity (+9).
Wands
 q - a wand of heal wounds (4)
 r - a wand of heal wounds (5)
 J - a wand of heal wounds (5)
 S - a wand of disintegration (14)
Scrolls
 i - 20 scrolls of blinking
 m - 15 scrolls of recharging
 p - 28 scrolls of remove curse
 t - 24 scrolls of fog
 U - 14 scrolls of identify
 V - 4 scrolls of amnesia
Potions
 f - 3 potions of haste
 h - a potion of berserk rage
 j - 7 potions of resistance
 K - 6 potions of brilliance
 N - 5 potions of agility
 O - 6 potions of cure mutation
 W - 20 potions of curing
 X - 4 potions of magic
Books
 I - a book of Death

   Spells                             Type                      Level
   a - Corpse Rot                     Necromancy                   2
   b - Sublimation of Blood           Necromancy                   2
   c - Agony                          Necromancy                   5
   d - Dispel Undead                  Necromancy                   5
   e - Excruciating Wounds            Charms/Necromancy            5
   f - Bolt of Draining               Conjuration/Necromancy       5
 T - a book of the Sky

   Spells                             Type                      Level
   a - Summon Lightning Spire         Summoning/Air                4
   b - Airstrike                      Air                          4
   c - Silence                        Hexes/Air                    5
   d - Deflect Missiles               Charms/Air                   6
   e - Conjure Ball Lightning         Conjuration/Air              6
   f - Tornado                        Air                          9
Miscellaneous
 c - a crystal ball of energy
 k - a quad damage
 l - a quad damage
Comestibles
 Z - 16 royal jellies


   Skills:
 O Level 27 Fighting
 + Level 26.8 Armour
 O Level 27 Dodging
 - Level 2.4 Stealth
 O Level 27 Shields
 O Level 27 Spellcasting
 O Level 27 Conjurations
 - Level 9.5 Charms
 - Level 21.3 Necromancy
 - Level 4.7 Translocations
 - Level 19.8 Transmutations
 O Level 27 Fire Magic
 O Level 27 Air Magic
 O Level 27 Evocations


You couldn't memorise any spells.
You knew the following spells:

 Your Spells              Type           Power        Failure   Level  Hunger
a - Lehudib's Crystal Sp  Conj/Erth      ########..   1%          8    None
b - Poison Arrow          Conj/Pois      ########..   1%          6    None
c - Bolt of Fire          Conj/Fire      ########..   0%          6    None
d - Iskenderun's Battles  Conj/Chrm      ########     0%          5    None
f - Fire Storm            Conj/Fire      ########..   1%          9    None
h - Haste                 Chrm           ########     1%          6    None
l - Blink                 Tloc           N/A          1%          2    None
n - Necromutation         Trmt/Necr      ########..   1%          8    None
r - Deflect Missiles      Chrm/Air       ########..   0%          6    None
s - Spellforged Servitor  Conj/Summ      ########..   1%          7    None
t - Tornado               Air            ########..   1%          9    None
A - Apportation           Tloc           #######...   1%          1    None
D - Delayed Fireball      Conj/Fire      N/A          0%          7    None


Dungeon Overview and Level Annotations

Branches:
Dungeon (1/1)

Altars:
Cheibriados
Dithmenos
Fedhas
Gozag
Kikubaaqudgha
Makhleb
Okawaru
Qazlal
Ru
Sif Muna
Trog
Vehumet
Xom
Yredelemnul
Zin
The Shining One
Jiyva
Lugonu

Shops:
D [%??*?*:[((!!


Message History

a robe; a demonic rune of Zot; a whip of holy wrath You pick up the demonic rune and feel its power.
You now have 10 runes.
Press } to see all the runes you have collected.
Search for what [Enter for "rune", or ? for help]?
Search for what [Enter for "rune", or ? for help]? zot You see here a trident.
Things that are here:
5 arrows; a shortbow
There is a staircase leading out of the dungeon here.
Items here: 0 ::::::
Press: ? - help, v - describe, . - travel, g - get item A book of Enchantments.
There is something else lying underneath.
A staircase leading out of the dungeon.
You pick up the Orb of Zot!
The Orb lets out a hideous shriek!
The lords of Pandemonium are not amused.
Beware!
Now all you have to do is get back out of the dungeon!
Unknown command.
You have escaped!

#_..[.[((_# ###...[)[)[.###
#(...[(()[..)(#
######.8.[))[))..8.######
##∩___.[..)=###...[.[.__∩##
###∩.}..[..)8.# #.8.).[....∩###
##....).[.....)###(.)...[.).(..##
#⌠....[.)[..###...###)(........⌠#
#(.....(..[.# #.@.# #..[.).}..(⌠#
#(..(.((..((###...###)..[.....(⌠#
##....[........###..(..[.......##
###∩...(..).8.# #.8.((.....∩###
##∩.__..)...###..(...___∩##
######.8.........((######
#⌠...(..(.)..⌠# ###....[....###
#_..[...._#


There were no monsters in sight!

Vanquished Creatures
  Asmodeus (D)
  Gloorx Vloq (D)
  Mennas (D)
  6 seraphim (D)
  Mnoleg (D)
  Dispater (D)
  10 orbs of fire (D)
  3 ancient liches (D)
  Agnes (D)
  A Killer Klown (D)
  2 golden dragons (D)
  Arachne (D)
  6 profane servitors (D)
  An electric golem (D)
  4 Brimstone Fiends (D)
  10 Orb Guardians (D)
  3 hellephants (D)
  5 Hell Sentinels (D)
  2 liches (D)
  4 quicksilver dragons (D)
  A shadow dragon (D)
  A storm dragon (D)
  2 daevas (D)
  6 pandemonium lords (D)
  5 iron dragons (D)
  2 fire giants (D)
  Louise (D)
  2 balrugs (D)
  2 cacodemons (D)
  A reaper (D)
  3 angels (D)
  3 eidola (D)
  A merfolk javelineer (D)
  7 green deaths (D)
  A blizzard demon (D)
  A fire dragon (D)
  10 ettins (D)
  19 centaur warriors (D)
  A wizard (D)
  2 hell beasts (D)
  3 ice dragons (D)
  2 hydras (D)
  30 catoblepae (D)
  A spriggan air mage (D)
  A merfolk aquamancer (D)
  4 hell hogs (D)
  4 vampire magi (D)
  2 ogre magi (D)
  A spriggan (D)
  A sun demon (D)
  2 hell knights (D)
  An iron troll (D)
  A skeletal warrior (D)
  3 cherubim (D)
  A swamp dragon (D)
  10 death drakes (D)
  4 hill giants (D)
  A shambling mangrove (D)
  6 harpies (D)
  2 sixfirhies (D)
  A griffon (D)
  13 orb spiders (D)
  7 ugly things (D)
  4 moths of wrath (D)
  2 cyclopes (D)
  5 rust devils (D)
  An orange demon (D)
  3 spiny frogs (D)
  4 naga magi (D)
  31 smoke demons (D)
  A fire drake (D)
  20 hellions (D)
  21 tormentors (D)
  3 merfolk (D)
  A hellwing (D)
  4 queen bees (D)
  2 boulder beetles (D)
  A troll (D)
  3 wraiths (D)
  Sigmund (D)
  A yak (D)
  5 hungry ghosts (D)
  A vampire mosquito (D)
  3 hell hounds (D)
  A hippogriff (D)
  A water moccasin (D)
  2 swamp drakes (D)
  A wasp (D)
  4 earth elementals (D)
  A giant frog (D)
  A scorpion (D)
  10 killer bees (D)
  A crimson imp (D)
  An orc wizard (D)
  Jessica (D)
  An iron imp (D)
  3 adders (D)
  A river rat (D)
  2 shadow imps (D)
  A white imp (D)
  7 giant eyeballs (D)
  An orc (D)
  2 bat skeletons (D)
  A bat zombie (D)
  3 ball pythons (D)
  A giant gecko zombie (D)
  42 fire vortices (D)
442 creatures vanquished.

Vanquished Creatures (collateral kills)
  2 ancient liches (D)
  An acid blob (D)
  3 catoblepae (D)
  2 death drakes (D)
  An orc warrior (D)
  A shadow imp (D)
10 creatures vanquished.

Vanquished Creatures (others)
  An eldritch tentacle (D)
  A vampire mage (D)
  A moth of wrath (D)
  82 eldritch tentacle segments (D)
  129 fire vortices (D)
214 creatures vanquished.

Grand Total: 666 creatures vanquished

Notes
Turn   | Place    | Note
--------------------------------------------------------------
     0 | D        | Kellhus the Deep Elf Conjurer began the quest for the Orb.
     0 | D        | Reached XP level 1. HP: 10/10 MP: 6/6
     3 | D        | Found an ancient bone altar of Kikubaaqudgha.
     3 | D        | Found a viscous altar of Jiyva.
     4 | D        | Found a radiant altar of Vehumet.
     5 | D        | Found a shadowy altar of Dithmenos.
     5 | D        | Found a burning altar of Makhleb.
     5 | D        | Round 1.
     6 | D        | Found Idynkuor's Do-It-Yourself Clinic.
     6 | D        | Found a basalt altar of Yredelemnul.
     6 | D        | Found a stormy altar of Qazlal.
     6 | D        | Found Wetre's Distillery.
     7 | D        | Found Puludepa's Bottled Wisdom.
     7 | D        | Found Beushruul's Weapon Rack.
     7 | D        | Found Ijuicer's Distillery.
    12 | D        | Became a worshipper of Vehumet
    17 | D        | Found a bloodstained altar of Trog.
    20 | D        | Found Hikonurph's Staff Store.
    21 | D        | Found a shimmering altar of Xom.
    21 | D        | Found a glowing golden altar of the Shining One.
    21 | D        | Found an opulent altar of Gozag.
    21 | D        | Found Tokooqots's Magic Scroll Shop.
    21 | D        | Found Bafysale's Must-Have Magic.
    21 | D        | Found Atiomnav's Magic Scroll Shop.
    25 | D        | Found a glowing silver altar of Zin.
    25 | D        | Noticed Sigmund
    25 | D        | Noticed a scorpion
    26 | D        | Found a snail-covered altar of Cheibriados.
    27 | D        | Found an iron altar of Okawaru.
    31 | D        | Killed Sigmund
    31 | D        | Reached skill level 10 in Spellcasting
    31 | D        | Reached XP level 2. HP: 4/15 MP: 6/15
    31 | D        | Reached XP level 3. HP: 5/19 MP: 6/16
    31 | D        | Reached XP level 4. HP: 6/24 MP: 6/18
    31 | D        | Reached XP level 5. HP: 7/28 MP: 6/19
   102 | D        | Reached * piety under Vehumet
   102 | D        | Offered knowledge of Freeze by Vehumet.
   102 | D        | Reached skill level 11 in Spellcasting
   102 | D        | Reached skill level 10 in Conjurations
   180 | D        | Found Cyomaaw's Bee Food.
   181 | D        | Found Ufergh's Jewellery.
   181 | D        | Found Jitinneo's Advanced Armour.
   181 | D        | Found a sacrificial altar of Ru.
   181 | D        | Found a deep blue altar of Sif Muna.
   181 | D        | Found Tisho's Identification Station.
   185 | D        | Found a corrupted altar of Lugonu.
   188 | D        | Found a blossoming altar of Fedhas.
   188 | D        | Noticed Jessica
   189 | D        | Killed Jessica
   189 | D        | Arena points: 12 (+12) [x2]
   190 | D        | Found Iqew's Premium Goods.
   200 | D        | Learned a level 5 spell: Iskenderun's Battlesphere
   205 | D        | Learned a level 4 spell: Iskenderun's Mystic Blast
   205 | D        | Found Disoinil's Miscellaneous Merchandise.
   205 | D        | Found Hicuk's Basic Armour.
   220 | D        | Round 2.
   223 | D        | Reached ** piety under Vehumet
   235 | D        | Reached skill level 1 in Charms
   235 | D        | Reached XP level 6. HP: 5/32 MP: 7/22
   247 | D        | Offered knowledge of Flame Tongue by Vehumet.
   303 | D        | Reached *** piety under Vehumet
   303 | D        | Arena points: 54 (+42) [x3]
   324 | D        | Round 3.
   326 | D        | Noticed a queen bee
   330 | D        | Killed a queen bee
   330 | D        | Reached skill level 12 in Spellcasting
   355 | D        | Reached skill level 13 in Spellcasting
   355 | D        | Reached XP level 7. HP: 19/36 MP: 10/25
   360 | D        | Noticed a queen bee
   364 | D        | Killed a queen bee
   365 | D        | Reached **** piety under Vehumet
   415 | D        | Offered knowledge of Inner Flame by Vehumet.
   415 | D        | Reached skill level 14 in Spellcasting
   445 | D        | Noticed a queen bee
   451 | D        | Killed a queen bee
   451 | D        | Arena points: 138 (+84) [x4]
   451 | D        | Reached XP level 8. HP: 17/41 MP: 6/28
   520 | D        | Round 4.
   595 | D        | Noticed a harpy
   597 | D        | Killed a harpy
   597 | D        | Offered knowledge of Olgreb's Toxic Radiance by Vehumet.
   597 | D        | Reached skill level 15 in Spellcasting
   600 | D        | Noticed a merfolk
   600 | D        | Reached skill level 16 in Spellcasting
   603 | D        | Killed a merfolk
   603 | D        | Reached ***** piety under Vehumet
   605 | D        | Noticed a merfolk
   607 | D        | Noticed a merfolk
   607 | D        | Killed a merfolk
   607 | D        | Reached XP level 9. HP: 41/45 MP: 2/31
   612 | D        | Reached skill level 17 in Spellcasting
   612 | D        | Reached skill level 15 in Conjurations
   617 | D        | Noticed a griffon
   622 | D        | Killed a griffon
   622 | D        | Arena points: 278 (+140) [x5]
   641 | D        | Bought 6 potions of magic for 336 gold pieces
   653 | D        | Round 5.
   706 | D        | Noticed a witch
   710 | D        | Noticed a five-headed hydra
   711 | D        | Killed a witch
   711 | D        | Arena points: 523 (+245) [x7]
   711 | D        | Reached skill level 18 in Spellcasting
   715 | D        | Got a decaying rune of Zot
   732 | D        | Bought 15 scrolls of remove curse for 450 gold pieces
   744 | D        | Bought a sparkling steel ring for 45 gold pieces
   744 | D        | Identified the ring of Dapp {Fire rPois Str+6} (You bought it in a shop in the Dungeon)
   757 | D        | Reached skill level 5 in Dodging
   757 | D        | Reached XP level 10. HP: 50/56 MP: 19/34
   889 | D        | Round 6.
   897 | D        | Noticed a red ugly thing
   900 | D        | Killed a red ugly thing
   900 | D        | Offered knowledge of Bolt of Draining by Vehumet.
   901 | D        | Noticed a white ugly thing
   903 | D        | Killed a white ugly thing
   903 | D        | Reached skill level 19 in Spellcasting
   907 | D        | Noticed a red ugly thing
   912 | D        | Killed a red ugly thing
   912 | D        | Reached XP level 11. HP: 60/60 MP: 22/36
  1012 | D        | Reached skill level 20 in Spellcasting
  1019 | D        | Reached ****** piety under Vehumet
  1021 | D        | Arena points: 907 (+384) [x8]
  1036 | D        | Bought a flickering steel ring for 45 gold pieces
  1036 | D        | Identified the ring "Fovyokio" {Int+2 Dex+3} (You bought it in a shop in the Dungeon)
  1037 | D        | Bought a fine copper amulet for 45 gold pieces
  1037 | D        | Identified the amulet "Luras" {Faith MR+ Int+4} (You bought it in a shop in the Dungeon)
  1038 | D        | Bought a clouded brass ring for 45 gold pieces
  1038 | D        | Identified the ring of the Invisible Hand {+Inv rPois EV+3} (You bought it in a shop in the Dungeon)
  1039 | D        | Bought a heavily runed steel ring for 45 gold pieces
  1040 | D        | Identified the ring "Kuogizum" {rElec rPois Dex+3 SInv} (You bought it in a shop in the Dungeon)
  1041 | D        | Bought a bound lapis lazuli ring for 45 gold pieces
  1042 | D        | Identified the ring "Keoc" {+Fly rF+ MP+9 Int-5 Dex+4} (You bought it in a shop in the Dungeon)
  1043 | D        | Bought a sparkling silver ring for 45 gold pieces
  1044 | D        | Identified the ring of Vistih {*Corrode +Inv rElec rN+ Stlth-} (You bought it in a shop in the Dungeon)
  1045 | D        | Bought a scintillating golden ring for 45 gold pieces
  1046 | D        | Identified the ring "Hahah" {+Fly rN+} (You bought it in a shop in the Dungeon)
  1055 | D        | Learned a level 5 spell: Bolt of Draining
  1096 | D        | Round 7.
  1113 | D        | Offered knowledge of Orb of Destruction by Vehumet.
  1122 | D        | Learned a level 7 spell: Orb of Destruction
  1167 | D        | Noticed a five-headed hydra
  1168 | D        | Killed a five-headed hydra
  1168 | D        | Reached skill level 21 in Spellcasting
  1169 | D        | Noticed a spriggan rider
  1172 | D        | Killed a spriggan rider
  1185 | D        | Noticed a swamp dragon
  1185 | D        | Noticed a shambling mangrove
  1188 | D        | Killed a shambling mangrove
  1192 | D        | Killed a swamp dragon
  1192 | D        | Offered knowledge of Poison Arrow by Vehumet.
  1192 | D        | Arena points: 1474 (+567) [x9]
  1217 | D        | Bought a sparkling platinum ring for 45 gold pieces
  1217 | D        | Bought a twitching wooden ring for 45 gold pieces
  1218 | D        | Identified the ring "Wagred" {*Corrode +Fly rC++ rN+ SInv} (You bought it in a shop in the Dungeon)
  1219 | D        | Bought a pitted glass ring for 45 gold pieces
  1219 | D        | Bought a sparkling pewter ring for 45 gold pieces
  1220 | D        | Identified the ring of Ipasoduc {Fire rPois rN++ MR+} (You bought it in a shop in the Dungeon)
  1222 | D        | Identified the ring "Jaampyume" {rF+ MR+ Dex-2 Slay+3 Stlth+} (You bought it in a shop in the Dungeon)
  1224 | D        | Identified the ring "Veyzat" {rElec rF+} (You bought it in a shop in the Dungeon)
  1225 | D        | Bought a smoking jade amulet for 45 gold pieces
  1225 | D        | Bought a smoking glass ring for 45 gold pieces
  1225 | D        | Bought a shimmering wooden ring for 45 gold pieces
  1226 | D        | Identified the ring "Yrriwom" {SustAt +Inv Str+2 Int+2} (You bought it in a shop in the Dungeon)
  1228 | D        | Identified the ring of Honesty {+Inv rF+ rN+} (You bought it in a shop in the Dungeon)
  1256 | D        | Round 8.
  1313 | D        | Reached skill level 22 in Spellcasting
  1350 | D        | Offered knowledge of Irradiate by Vehumet.
  1375 | D        | Noticed a five-headed hydra
  1377 | D        | Killed a five-headed hydra
  1384 | D        | Arena points: 2194 (+720) [x10]
  1410 | D        | Bought a steaming bone ring for 45 gold pieces
  1410 | D        | Bought an ancient platinum ring for 45 gold pieces
  1411 | D        | Identified the ring of Uvuasoil {*Contam rN+ MR+ Str-3 Stlth+} (You bought it in a shop in the Dungeon)
  1413 | D        | Identified the ring "Neczuv" {MP+9 Dex+7} (You bought it in a shop in the Dungeon)
  1446 | D        | Round 9.
  1548 | D        | Offered knowledge of Spellforged Servitor by Vehumet.
  1557 | D        | Learned a level 7 spell: Spellforged Servitor
  1566 | D        | Arena points: 3085 (+891) [x11]
  1576 | D        | Bought a pair of faintly glowing gloves for 332 gold pieces
  1581 | D        | Identified the +3 pair of gloves of the Journeyman {Str+2 Slay+4} (You bought it in a shop in the Dungeon)
  1581 | D        | Bought a wizard robe for 199 gold pieces
  1591 | D        | Identified the cursed +0 robe of the Black Moon {rC- Str+3 SInv} (You bought it in a shop in the Dungeon)
  1592 | D        | Bought a fine leather armour for 245 gold pieces
  1602 | D        | Identified the +3 leather armour of the Gardener {Dex+3} (You bought it in a shop in the Dungeon)
  1632 | D        | Round 10.
  1637 | D        | Noticed Arachne
  1657 | D        | Killed Arachne
  1657 | D        | Arena points: 4255 (+1170) [x13]
  1657 | D        | Reached skill level 23 in Spellcasting
  1657 | D        | Reached XP level 12. HP: 38/64 MP: 19/41
  1665 | D        | Identified Sif Muna's Handbook of the Lonely Nights
  1666 | D        | Got a gossamer rune of Zot
  1674 | D        | Learned a level 6 spell: Iron Shot
  1674 | D        | Reached XP level 13. HP: 42/70 MP: 22/42
  1830 | D        | Bought a faintly humming cloak for 332 gold pieces
  1835 | D        | Identified the cursed +0 cloak of the Merchant {MP+9 Int+4} (You bought it in a shop in the Dungeon)
  1871 | D        | Round 11.
  1915 | D        | Reached skill level 24 in Spellcasting
  1919 | D        | Offered knowledge of Bolt of Fire by Vehumet.
  1926 | D        | Arena points: 5333 (+1078) [x14]
  1931 | D        | Learned a level 6 spell: Bolt of Fire
  1941 | D        | Round 12.
  1948 | D        | Reached skill level 1 in Fire Magic
  1989 | D        | Offered knowledge of Delayed Fireball by Vehumet.
  1998 | D        | Learned a level 7 spell: Delayed Fireball
  2007 | D        | Reached skill level 25 in Spellcasting
  2036 | D        | Arena points: 7493 (+2160) [x15]
  2036 | D        | Reached skill level 5 in Fire Magic
  2049 | D        | Bought a distressingly furry helmet for 332 gold pieces
  2054 | D        | Identified the +0 helmet "Xierch" {rF+ rCorr} (You bought it in a shop in the Dungeon)
  2054 | D        | Bought a pair of brightly glowing boots for 332 gold pieces
  2059 | D        | Identified the +1 pair of boots "Fiwius" {rC+ Dex+4} (You bought it in a shop in the Dungeon)
  2059 | D        | Bought a dazzling buckler for 332 gold pieces
  2064 | D        | Identified the cursed +0 buckler "Dugaf" {rF+} (You bought it in a shop in the Dungeon)
  2065 | D        | Bought a heavily jewelled robe for 199 gold pieces
  2075 | D        | Identified the +1 robe of Ylol {rPois rCorr Slay+3} (You bought it in a shop in the Dungeon)
  2077 | D        | Round 13.
  2098 | D        | Reached skill level 1 in Shields
  2130 | D        | Offered knowledge of Poisonous Cloud by Vehumet.
  2139 | D        | Arena points: 9157 (+1664) [x16]
  2154 | D        | Round 14.
  2161 | D        | Bought an encrusted buckler for 332 gold pieces
  2171 | D        | Identified the +1 buckler of the Evil One {-Cast rF++} (You bought it in a shop in the Dungeon)
  2182 | D        | Bought a smoking hat for 315 gold pieces
  2192 | D        | Identified the +0 hat of the Illusory Tales {Int+2} (You bought it in a shop in the Dungeon)
  2253 | D        | Learned a level 6 spell: Poisonous Cloud
  2254 | D        | Noticed Louise
  2257 | D        | Killed Louise
  2257 | D        | Offered knowledge of Lehudib's Crystal Spear by Vehumet.
  2257 | D        | Offered knowledge of Fire Storm by Vehumet.
  2257 | D        | Offered knowledge of Tornado by Vehumet.
  2307 | D        | Arena points: 11775 (+2618) [x17]
  2335 | D        | Round 15.
  2362 | D        | Noticed Agnes
  2373 | D        | HP: 2/70 [Agnes/antimagic lajatang (3)]
  2374 | D        | Killed Agnes
  2374 | D        | Arena points: 14910 (+3135) [x19]
  2374 | D        | Reached skill level 26 in Spellcasting
  2374 | D        | Reached skill level 10 in Fire Magic
  2374 | D        | Reached XP level 14. HP: 2/76 MP: 15/46
  2378 | D        | Got a mossy rune of Zot
  2401 | D        | Reached XP level 15. HP: 6/80 MP: 22/47
  2412 | D        | Learned a level 9 spell: Fire Storm
  2556 | D        | Round 16.
  2671 | D        | Arena points: 18430 (+3520) [x20]
  2739 | D        | Round 17.
  2740 | D        | Bought a book of Annihilations for 772 gold pieces
  2746 | D        | Bought 5 scrolls of amnesia for 175 gold pieces
  2788 | D        | Noticed an ancient lich
  2789 | D        | Noticed a lich
  2790 | D        | Killed a lich
  2793 | D        | Killed an ancient lich
  2793 | D        | Reached skill level 27 in Spellcasting
  2794 | D        | Noticed an eldritch tentacle
  2816 | D        | Noticed an ancient lich
  2819 | D        | Killed an ancient lich
  2827 | D        | Killed an eldritch tentacle
  2847 | D        | Noticed a lich
  2850 | D        | Killed a lich
  2859 | D        | Arena points: 24142 (+5712) [x21]
  2922 | D        | Bought 3 potions of experience for 900 gold pieces
  2922 | D        | Bought 2 potions of experience for 600 gold pieces
  2922 | D        | Bought a potion of experience for 300 gold pieces
  2922 | D        | Bought a potion of experience for 300 gold pieces
  2922 | D        | Reached XP level 16. HP: 84/84 MP: 30/49
  2922 | D        | Round 18.
  2923 | D        | Reached XP level 17. HP: 88/88 MP: 30/50
  2924 | D        | Reached XP level 18. HP: 94/94 MP: 31/51
  2925 | D        | Reached XP level 19. HP: 98/98 MP: 31/52
  2926 | D        | Reached XP level 20. HP: 101/104 MP: 32/53
  2927 | D        | Reached skill level 5 in Fighting
  2927 | D        | Reached XP level 21. HP: 104/112 MP: 32/54
  2928 | D        | Reached XP level 22. HP: 109/118 MP: 33/55
  2955 | D        | Learned a level 6 spell: Poison Arrow
  3026 | D        | Reached skill level 27 in Conjurations
  3072 | D        | Arena points: 30478 (+6336) [x22]
  3091 | D        | Bought 3 potions of experience for 900 gold pieces
  3091 | D        | Reached skill level 10 in Dodging
  3091 | D        | Reached XP level 23. HP: 122/124 MP: 23/56
  3092 | D        | Reached XP level 24. HP: 125/128 MP: 23/56
  3093 | D        | Reached XP level 25. HP: 129/133 MP: 24/56
  3107 | D        | Round 19.
  3251 | D        | Arena points: 37470 (+6992) [x23]
  3263 | D        | Bought 4 potions of curing for 84 gold pieces
  3263 | D        | Bought 3 potions of heal wounds for 105 gold pieces
  3270 | D        | Bought 6 potions of magic for 336 gold pieces
  3284 | D        | Bought a book of Enchantments for 350 gold pieces
  3291 | D        | Learned a level 6 spell: Haste
  3298 | D        | Learned a level 6 spell: Deflect Missiles
  3299 | D        | Round 20.
  3309 | D        | Arena points: 43970 (+6500) [x25]
  3309 | D        | Reached skill level 5 in Air Magic
  3309 | D        | Reached skill level 5 in Evocations
  3313 | D        | Got a slimy rune of Zot
  3314 | D        | Reached XP level 26. HP: 87/138 MP: 26/56
  3329 | D        | Bought 6 potions of magic for 336 gold pieces
  3421 | D        | Bought 3 royal jellies for 24 gold pieces
  3421 | D        | Bought 3 royal jellies for 24 gold pieces
  3421 | D        | Bought 3 royal jellies for 24 gold pieces
  3430 | D        | Bought 3 royal jellies for 24 gold pieces
  3521 | D        | Round 21.
  3641 | D        | Arena points: 53252 (+9282) [x26]
  3682 | D        | Bought a pair of faintly humming boots for 332 gold pieces
  3682 | D        | Bought a pair of transparent gloves for 332 gold pieces
  3692 | D        | Identified the +1 pair of boots "Ileq" {rF++ MP+9 Int+4 Dex-3} (You bought it in a shop in the Dungeon)
  3692 | D        | Round 22.
  3773 | D        | Arena points: 55034 (+1782) [x27]
  3786 | D        | Identified the +2 pair of gloves "Jiprood" {Dex+2 SInv} (You bought it in a shop in the Dungeon)
  3790 | D        | Round 23.
  3798 | D        | Reached skill level 10 in Evocations
  3921 | D        | Arena points: 67914 (+12880) [x28]
  3944 | D        | Bought a crystal ball of energy for 400 gold pieces
  3968 | D        | Bought 4 potions of curing for 84 gold pieces
  3968 | D        | Bought 4 potions of curing for 84 gold pieces
  3968 | D        | Bought 3 potions of heal wounds for 105 gold pieces
  3975 | D        | Round 24.
  4031 | D        | Reached XP level 27. HP: 135/143 MP: 56/56
  4049 | D        | Reached skill level 15 in Evocations
  4063 | D        | Arena points: 77658 (+9744) [x29]
  4080 | D        | Bought 6 potions of resistance for 420 gold pieces
  4081 | D        | Bought 6 potions of magic for 336 gold pieces
  4127 | D        | Round 25.
  4142 | D        | Noticed Mennas
  4146 | D        | Killed Mennas
  4146 | D        | Arena points: 89283 (+11625) [x31]
  4150 | D        | Reached skill level 27 in Fire Magic
  4153 | D        | Got a silver rune of Zot
  4181 | D        | Upgraded the game from 0.18-a0-46-g45ca8e4 to 0.18-a0-49-gd105b5a
  4207 | D        | Bought a spiked cloak for 332 gold pieces
  4217 | D        | Identified the +1 cloak of the Evening Star {rN+ MR- Slay+2 Stlth+} (You bought it in a shop in the Dungeon)
  4232 | D        | Bought a spiked animal skin for 185 gold pieces
  4232 | D        | Bought a polished shield for 332 gold pieces
  4242 | D        | Identified the +5 animal skin "Jisyumevuh" {rElec Dex+2} (You bought it in a shop in the Dungeon)
  4254 | D        | Identified the -6 shield of Boapymn {Int+2} (You bought it in a shop in the Dungeon)
  4270 | D        | Bought a crude large shield for 332 gold pieces
  4280 | D        | Identified the +4 large shield "Fixkib" {Str+2} (You bought it in a shop in the Dungeon)
  4310 | D        | Bought 4 scrolls of blinking for 300 gold pieces
  4310 | D        | Bought 3 scrolls of blinking for 225 gold pieces
  4320 | D        | Learned a level 8 spell: Lehudib's Crystal Spear
  4330 | D        | Bought a book of Spatial Translocations for 455 gold pieces
  4333 | D        | Learned a level 2 spell: Blink
  4335 | D        | Learned a level 1 spell: Apportation
  4338 | D        | Round 26.
  4385 | D        | Paralysed by a giant eyeball for 3 turns
  4474 | D        | Arena points: 104259 (+14976) [x32]
  4487 | D        | Bought 3 potions of cure mutation for 735 gold pieces
  4487 | D        | Bought 6 potions of agility for 168 gold pieces
  4488 | D        | Bought 6 potions of brilliance for 168 gold pieces
  4515 | D        | Round 27.
  4556 | D        | Noticed an orb of fire
  4557 | D        | Gained mutation: You are weak. (Str -2) [an orb of fire]
  4566 | D        | Killed an orb of fire
  4575 | D        | Noticed an ancient lich
  4580 | D        | Killed an ancient lich
  4598 | D        | Noticed an ancient lich
  4605 | D        | Killed an ancient lich
  4605 | D        | Reached skill level 27 in Evocations
  4607 | D        | Noticed an orb of fire
  4612 | D        | Killed an orb of fire
  4612 | D        | Reached skill level 10 in Fighting
  4621 | D        | Reached skill level 15 in Dodging
  4664 | D        | Gained mutation: You regenerate slowly when monsters are visible. [mutagenic glow]
  4666 | D        | Arena points: 119406 (+15147) [x33]
  4670 | D        | Lost mutation: You regenerate slowly when monsters are visible. [potion of cure mutation]
  4670 | D        | Lost mutation: You are weak. (Str -2) [potion of cure mutation]
  4685 | D        | Bought a Necronomicon for 772 gold pieces
  4695 | D        | Learned a level 8 spell: Necromutation
  4696 | D        | Bought an uncursed staff of conjuration for 750 gold pieces
  4719 | D        | Bought a quad damage for 400 gold pieces
  4719 | D        | Bought a quad damage for 400 gold pieces
  4719 | D        | Bought a quad damage for 400 gold pieces
  4739 | D        | Bought 3 potions of heal wounds for 105 gold pieces
  4739 | D        | Bought 3 potions of heal wounds for 105 gold pieces
  4739 | D        | Bought 3 potions of heal wounds for 105 gold pieces
  4739 | D        | Bought 3 potions of heal wounds for 105 gold pieces
  4739 | D        | Bought 3 potions of heal wounds for 105 gold pieces
  4739 | D        | Bought 3 potions of heal wounds for 105 gold pieces
  4747 | D        | Bought 4 potions of haste for 280 gold pieces
  4747 | D        | Bought 3 potions of haste for 210 gold pieces
  4859 | D        | Round 28.
  4882 | D        | Reached skill level 1 in Necromancy
  4882 | D        | Reached skill level 1 in Transmutations
  4882 | D        | Reached skill level 5 in Necromancy
  4882 | D        | Reached skill level 5 in Transmutations
  4936 | D        | Arena points: 137494 (+18088) [x34]
  4951 | D        | Round 29.
  5028 | D        | Reached skill level 10 in Necromancy
  5051 | D        | Reached skill level 15 in Fighting
  5051 | D        | Reached skill level 10 in Transmutations
  5059 | D        | Arena points: 157794 (+20300) [x35]
  5120 | D        | Round 30.
  5130 | D        | Noticed Dispater
  5146 | D        | Killed Dispater
  5146 | D        | Arena points: 175554 (+17760) [x37]
  5151 | D        | Got an iron rune of Zot
  5363 | D        | Round 31.
  5433 | D        | Reached skill level 15 in Necromancy
  5459 | D        | Reached skill level 15 in Transmutations
  5487 | D        | Arena points: 196758 (+21204) [x38]
  5538 | D        | Round 32.
  5544 | D        | Noticed an orb of fire
  5549 | D        | Noticed an orb of fire
  5551 | D        | Noticed an orb of fire
  5552 | D        | Killed an orb of fire
  5568 | D        | Gained mutation: You tend to lose your temper in combat. [an orb of fire]
  5589 | D        | Killed an orb of fire
  5597 | D        | Killed an orb of fire
  5621 | D        | Arena points: 209238 (+12480) [x39]
  5636 | D        | Gained mutation: Scrolls take you a little longer to read. [mutagenic glow]
  5643 | D        | Round 33.
  5652 | D        | Bought 4 potions of curing for 84 gold pieces
  5652 | D        | Bought 4 potions of curing for 84 gold pieces
  5652 | D        | Bought 3 potions of heal wounds for 105 gold pieces
  5652 | D        | Bought 3 potions of heal wounds for 105 gold pieces
  5652 | D        | Bought 3 potions of heal wounds for 105 gold pieces
  5652 | D        | Bought 3 potions of heal wounds for 105 gold pieces
  5673 | D        | Bought a wand of heal wounds (5) for 1080 gold pieces
  5707 | D        | Noticed Asmodeus
  5730 | D        | Killed Asmodeus
  5730 | D        | Arena points: 232239 (+23001) [x41]
  5736 | D        | Got an obsidian rune of Zot
  5751 | D        | Bought 5 scrolls of fog for 100 gold pieces
  5751 | D        | Bought 4 scrolls of fog for 80 gold pieces
  5751 | D        | Bought 3 scrolls of fog for 60 gold pieces
  5751 | D        | Bought 5 scrolls of blinking for 375 gold pieces
  5751 | D        | Bought 3 scrolls of recharging for 285 gold pieces
  5751 | D        | Bought 3 scrolls of recharging for 285 gold pieces
  5751 | D        | Bought 3 scrolls of recharging for 285 gold pieces
  5752 | D        | Bought 3 scrolls of recharging for 285 gold pieces
  5752 | D        | Bought 3 scrolls of recharging for 285 gold pieces
  5752 | D        | Bought 3 scrolls of recharging for 285 gold pieces
  5752 | D        | Bought 5 scrolls of fog for 100 gold pieces
  5752 | D        | Bought 4 scrolls of fog for 80 gold pieces
  5752 | D        | Bought 3 scrolls of fog for 60 gold pieces
  5752 | D        | Bought 5 scrolls of blinking for 375 gold pieces
  5752 | D        | Bought 4 scrolls of blinking for 300 gold pieces
  5752 | D        | Bought 3 scrolls of blinking for 225 gold pieces
  5752 | D        | Bought 15 scrolls of remove curse for 450 gold pieces
  5752 | D        | Gained mutation: You have a pair of small horns on your head. [mutagenic glow]
  5755 | D        | Lost mutation: You tend to lose your temper in combat. [potion of cure mutation]
  5755 | D        | Lost mutation: Scrolls take you a little longer to read. [potion of cure mutation]
  5755 | D        | Lost mutation: You have a pair of small horns on your head. [potion of cure mutation]
  5759 | D        | Bought a book of the Sky for 455 gold pieces
  5767 | D        | Bought 5 scrolls of amnesia for 175 gold pieces
  5778 | D        | Learned a level 9 spell: Tornado
  5793 | D        | Bought 3 potions of cure mutation for 735 gold pieces
  5793 | D        | Bought 2 potions of cure mutation for 490 gold pieces
  5793 | D        | Bought a potion of cure mutation for 245 gold pieces
  5793 | D        | Bought 5 potions of haste for 350 gold pieces
  5950 | D        | Round 34.
  5979 | D        | Noticed Seompuna the pandemonium lord
  5984 | D        | Noticed Cewusesm the pandemonium lord
  5984 | D        | Killed Seompuna the pandemonium lord
  5989 | D        | Noticed Fykenn the pandemonium lord
  5990 | D        | Killed Cewusesm the pandemonium lord
  5991 | D        | Reached skill level 27 in Dodging
  5992 | D        | Noticed Wumyn the pandemonium lord
  5992 | D        | Killed Fykenn the pandemonium lord
  5992 | D        | Reached skill level 10 in Air Magic
  5993 | D        | Killed Wumyn the pandemonium lord
  6008 | D        | Noticed Ajeefunn the pandemonium lord
  6012 | D        | Killed Ajeefunn the pandemonium lord
  6019 | D        | Noticed Regi the pandemonium lord
  6020 | D        | Noticed Jyt Jaj the pandemonium lord
  6025 | D        | Killed Jyt Jaj the pandemonium lord
  6025 | D        | Reached skill level 15 in Air Magic
  6030 | D        | Arena points: 259371 (+27132) [x42]
  6048 | D        | Round 35.
  6231 | D        | Arena points: 293986 (+34615) [x43]
  6272 | D        | Round 36.
  6272 | D        | Noticed Mnoleg
  6279 | D        | Killed Mnoleg
  6279 | D        | Arena points: 323146 (+29160) [x45]
  6280 | D        | Got a glowing rune of Zot
  6287 | D        | Got a brightly glowing wooden ring
  6302 | D        | Bought 3 royal jellies for 24 gold pieces
  6302 | D        | Bought 3 royal jellies for 24 gold pieces
  6302 | D        | Bought 3 royal jellies for 24 gold pieces
  6302 | D        | Bought 3 royal jellies for 24 gold pieces
  6302 | D        | Bought 3 royal jellies for 24 gold pieces
  6310 | D        | Bought 3 scrolls of identify for 150 gold pieces
  6310 | D        | Bought 3 scrolls of identify for 150 gold pieces
  6310 | D        | Bought 3 scrolls of identify for 150 gold pieces
  6310 | D        | Bought 3 scrolls of identify for 150 gold pieces
  6310 | D        | Bought 3 scrolls of identify for 150 gold pieces
  6310 | D        | Bought 3 scrolls of identify for 150 gold pieces
  6310 | D        | Identified the amulet of Hizyaqic {Faith Str+2} (You bought it in a shop in the Dungeon)
  6311 | D        | Identified the ring "Tuoprec" {rN+ SInv} (You found it in the Dungeon)
  6483 | D        | Round 37.
  6530 | D        | Noticed a seraph
  6543 | D        | Killed a seraph
  6544 | D        | Noticed a seraph
  6550 | D        | Noticed a seraph
  6557 | D        | Killed a seraph
  6568 | D        | Killed a seraph
  6568 | D        | Reached skill level 27 in Fighting
  6570 | D        | Noticed a seraph
  6577 | D        | Noticed a seraph
  6585 | D        | Killed a seraph
  6585 | D        | Killed a seraph
  6585 | D        | Reached skill level 27 in Air Magic
  6588 | D        | Reached skill level 10 in Armour
  6611 | D        | Noticed a seraph
  6618 | D        | Killed a seraph
  6618 | D        | Reached skill level 15 in Armour
  6648 | D        | Arena points: 358888 (+35742) [x46]
  6688 | D        | Round 38.
  6746 | D        | Noticed an orb of fire
  6754 | D        | Gained mutation: Your body sometimes deteriorates upon taking damage. [an orb of fire]
  6756 | D        | Gained mutation: You are frail (-10% HP). [an orb of fire]
  6758 | D        | Killed an orb of fire
  6763 | D        | Noticed an orb of fire
  6771 | D        | Killed an orb of fire
  6776 | D        | Noticed an orb of fire
  6780 | D        | Killed an orb of fire
  6785 | D        | Reached skill level 10 in Shields
  6812 | D        | Noticed an orb of fire
  6816 | D        | Killed an orb of fire
  6817 | D        | Lost mutation: You are frail (-10% HP). [potion of cure mutation]
  6817 | D        | Lost mutation: Your body sometimes deteriorates upon taking damage. [potion of cure mutation]
  6819 | D        | Noticed an orb of fire
  6836 | D        | Killed an orb of fire
  6836 | D        | Reached skill level 15 in Shields
  6838 | D        | Arena points: 403538 (+44650) [x47]
  6908 | D        | Round 39.
  6929 | D        | Noticed Gloorx Vloq
  6936 | D        | Killed Gloorx Vloq
  6936 | D        | Arena points: 439847 (+36309) [x49]
  6984 | D        | Got a dark rune of Zot
  7167 | D        | Round 40.
  7241 | D        | Arena points: 447847 (+8000) [x50]
  7256 | D        | Round 41.
  7375 | D        | Arena points: 493849 (+46002) [x51]
  7411 | D        | Round 42.
  7424 | D        | Noticed Luemn the pandemonium lord
  7437 | D        | Noticed Master Blaster
  7447 | D        | Killed Master Blaster
  7447 | D        | Arena points: 538369 (+44520) [x53]
  7447 | D        | Reached skill level 27 in Shields
  7666 | D        | Got a demonic rune of Zot
  7673 | D        | Got the Orb of Zot
  7675 | D        | Escaped with the Orb!

Vault maps used:
D:        arena_sprint

Action                   |  1- 3 |  4- 6 |  7- 9 | 10-12 | 13-15 | 16-18 | 19-21 | 22-24 | 25-27 || total
-------------------------+-------+-------+-------+-------+-------+-------+-------+-------+-------++-------
Melee: Staff             |       |       |       |       |     2 |       |       |       |    21 ||    23
 Cast: Magic Dart        |       |    15 |     7 |    22 |    25 |       |       |     4 |     4 ||    77
       Iskenderun's Batt |       |     3 |     6 |    13 |    15 |       |       |     3 |     8 ||    48
       Iskenderun's Myst |       |     1 |    23 |    44 |    52 |       |       |     4 |    53 ||   177
       Bolt of Draining  |       |       |       |    11 |     6 |       |       |       |       ||    17
       Bolt of Fire      |       |       |       |       |    19 |       |       |     2 |     3 ||    24
       Orb of Destructio |       |       |       |       |     7 |       |       |       |       ||     7
       Spellforged Servi |       |       |       |       |     1 |       |       |       |     1 ||     2
       Delayed Fireball  |       |       |       |       |     1 |       |       |       |     1 ||     2
       Fire Storm        |       |       |       |       |     7 |       |       |     1 |   110 ||   118
       Poison Arrow      |       |       |       |       |       |       |       |    13 |   155 ||   168
       Haste             |       |       |       |       |       |       |       |       |    13 ||    13
       Deflect Missiles  |       |       |       |       |       |       |       |       |     1 ||     1
       Lehudib's Crystal |       |       |       |       |       |       |       |       |   150 ||   150
       Tornado           |       |       |       |       |       |       |       |       |     6 ||     6
       Necromutation     |       |       |       |       |       |       |       |       |     5 ||     5
       Blink             |       |       |       |       |       |       |       |       |     4 ||     4
 Abil: Release Delayed F |       |       |       |       |       |       |       |     1 |       ||     1
       End Transformatio |       |       |       |       |       |       |       |       |     4 ||     4
Evoke: Wand              |     3 |     6 |       |     1 |       |       |       |       |    12 ||    22
       Crystal ball of e |       |       |       |       |       |       |       |       |    98 ||    98
       Quad damage       |       |       |       |       |       |       |       |       |     1 ||     1
  Use: Potion            |       |       |     3 |     6 |     7 |     3 |     3 |     3 |    75 ||   100
       Scroll            |       |       |       |     2 |     4 |       |       |       |    20 ||    26
  Eat: Bread ration      |       |       |       |     1 |       |       |       |       |       ||     1
       Chunk             |       |       |       |       |     3 |       |       |     1 |     1 ||     5
       Royal jelly       |       |       |       |       |       |       |       |       |    11 ||    11
